 Dungeon Crawl Stone Soup version 0.27-a0-1416-g941b2bd30b (webtiles) character file.

Game seed: 18250552138269495099

3039 wesbby the Grappler (level 9, -14/80 (83) HPs)
             Began as a Troll Berserker on July 1, 2021.
             Was an Elder of Trog.
             Demolished by a two-headed ogre (27 damage)
             ... on level 8 of the Dungeon.
             The game lasted 00:14:38 (5755 turns).

wesbby the Grappler (Troll Berserker)               Turns: 5755, Time: 00:14:41

HP:   -14/80 (83)   AC:  6    Str: 30    XL:     9   Next: 56%
MP:   8/8           EV: 10    Int:  3    God:    Trog [****..]
Gold: 164           SH:  0    Dex:  9    Spells: 8/8 levels left

rFire    + + .     SeeInvis .     - Unarmed
rCold    x . .     Faith    .   (no shield)
rNeg     . . .     Spirit   .   n - +2 robe {rF+}
rPois    .         Reflect  .   (helmet restricted)
rElec    .         Harm     .   i - scarf {+Inv}
rCorr    .         Rampage  .   (gloves unavailable)
Will     .....                  (boots unavailable)
Stlth    +.........             (no amulet)
HPRegen  1.23/turn              g - ring of flight
MPRegen  0.11/turn              f - ring of fire

@: flying, lightly drained
A: large, unfitting armour, claws 3, regeneration 1, shaggy fur 1, tough skin 1
a: Renounce Religion, Evoke Invisibility, Berserk, Trog's Hand, Brothers in Arms


You were on level 8 of the Dungeon.
You worshipped Trog.
Trog was greatly pleased with you.
You visited 1 branch of the dungeon, and saw 8 of its levels.

You collected 327 gold pieces.
You spent 163 gold pieces at shops.

Inventory:

Hand Weapons
 u - a +3 battleaxe
 v - a +3 falchion of freezing
 w - a +5 mace
Armour
 a - a +0 animal skin
 i - a scarf of invisibility (worn)
 n - a +2 robe of fire resistance (worn)
 q - the +1 leather armour "Niumounn" {rElec}
   (You found it on level 4 of the Dungeon)

   rElec:     It insulates you from electricity.
 x - a +0 robe of positive energy
Jewellery
 c - a ring of ice
 e - a ring of see invisible
 f - a ring of fire (right claw)
 g - a ring of flight (left claw)
Wands
 k - a wand of flame (26)
 m - a wand of acid (1)
 o - a wand of mindburst (5)
Scrolls
 d - a scroll of identify
Potions
 b - 2 potions of berserk rage
 h - a potion of brilliance
 j - a potion of degeneration
 l - 7 potions of curing
 r - a potion of lignification
 t - a potion of mutation {unknown}


   Skills:
 + Level 3.5 Fighting
 + Level 4.8 Dodging
 + Level 12.1 Unarmed Combat


You had 8 spell levels left.
You didn't know any spells.
Your spell library was empty.

Dungeon Overview and Level Annotations

Branches:
Dungeon (8/15)             Temple (0/1) D:6
   Lair: D:8-11

Altars:
Gozag
Nemelex Xobeh
Ru
Sif Muna
Wu Jian
Yredelemnul
Lugonu

Shops:
D:5 :[*![

Portals:
Abyss: D:4

Annotations:
D:4 3 runed translucent doors, Phlounder's ghost, amateur DjWn
D:7 dickylongcocking's ghost, novice DjFE; mojowtm's ghost, novice TeCj


Innate Abilities, Weirdness & Mutations

You are too large for most types of armour.
You have claws for hands.
Your natural rate of healing is unusually fast.
You are covered in fur. (AC +1)
You have tough skin. (AC +1)


Message History

You claw the orc warrior!
The orc warrior is heavily wounded.
The orc warrior hits you with a +0 flail.
You closely miss the orc warrior.
The orc warrior is heavily wounded.
The orc warrior hits you with a +0 flail!
The orc priest mumbles some strange prayers to Beogh against you.
Beogh smites you!
The orc sorcerer mumbles some strange words.
The orc warrior closely misses you.
The orc warrior hits you but does no damage.
The orc priest mumbles some strange prayers to Beogh against you.
Beogh smites you!
The orc warrior hits you with a +0 flail!!
The orc warrior hits you with a +0 flail!!
* * * LOW HITPOINT WARNING * * *
There is an escape hatch in the floor, spattered with blood here.
You barely miss something. Something hits you.
* * * LOW HITPOINT WARNING * * *
You miss something. Something hits you.
* * * LOW HITPOINT WARNING * * *
As you read the scroll of teleportation, it crumbles to dust.
You feel strangely unstable. The orc priest barely misses you.
Something hits you.
* * * LOW HITPOINT WARNING * * *
You hear some strange, mumbled words.
Your surroundings suddenly seem different.
A yak comes into view.
The yak bellows!
A yak comes into view.
The yak bellows!
A yak comes into view.
The yak bellows!
A yak comes into view.
The yak bellows!
A yak comes into view.
The two-headed ogre hits you with a giant club!
* * * LOW HITPOINT WARNING * * *
The two-headed ogre hits you with a giant club!!
You die...

,* **,,,,,,****,* ,*
******,,,,,,* ,*
****,,,** ,* ***,,* **
#####*,** * ##...##,,# *
##.....##.## ***
###..........# >,**
*#......@.....#* *,,**
**......O.......#
,,,,****,.......Y..Y..##
,**,,**,,.............#*
,****,**,.......[......#
,,,,,*,,,......YY......#*
,≈≈≈,,*,,.......Y.......*
.**≈≈,,,,...............*
.,**≈,,**,,,,,,,,,,,,>,,*


You could see a two-headed ogre and 5 yaks.

Vanquished Creatures
  Prince Ribbit (D:7)
  A wyvern (D:5)
  4 yaks (D:6)
  A water moccasin (D:7)
  A sky beast (D:7)
  3 necrophages (D:5)
  4 ogres
  A centaur (D:6)
  A water moccasin skeleton (D:5)
  11 wights
  3 howler monkeys (D:7)
  3 jellies
  A hound (D:5)
  An orc priest (D:5)
  3 iguanas
  Natasha (thrice) (D:3)
  5 orc wizards
  Ijyb (D:3)
  2 hound zombies (D:5)
  5 adders
  2 ufetubi (D:4)
  A worm (D:3)
  2 dart slugs
  12 orcs
  6 endoplasms
  5 giant cockroaches
  5 hobgoblins
  7 jackals
  8 kobolds
  5 quokkas
  4 ball pythons
  4 bats
  3 frilled lizards
  10 goblins
  4 rats
133 creatures vanquished.

Vanquished Creatures (others)
  5 withered plants (D:7)
5 creatures vanquished.

Grand Total: 138 creatures vanquished

Notes
Turn   | Place    | Note
-------+----------+-------------------------------------------
     0 | D:1      | wesbby the Troll Berserker began the quest for the Orb.
     0 | D:1      | Reached XP level 1. HP: 22/22 MP: 0/0
   224 | D:1      | Reached XP level 2. HP: 29/29 MP: 1/1
   856 | D:2      | Reached ** piety under Trog
   974 | D:2      | Reached XP level 3. HP: 35/36 MP: 2/2
  1761 | D:3      | Found a faded altar of an unknown god.
  1839 | D:3      | Noticed Natasha
  1848 | D:3      | Killed Natasha
  1849 | D:3      | Reached skill level 4 in Unarmed Combat
  1849 | D:3      | Reached XP level 4. HP: 31/44 MP: 3/3
  1956 | D:3      | Found a sacrificial altar of Ru.
  1962 | D:3      | Found a shimmering blue altar of Sif Muna.
  1967 | D:3      | Found a basalt altar of Yredelemnul.
  2066 | D:3      | Noticed Natasha
  2071 | D:3      | Killed Natasha
  2083 | D:3      | Noticed Natasha
  2093 | D:3      | Killed Natasha
  2271 | D:3      | Noticed Ijyb
  2277 | D:3      | HP: 1/44 [acid (13)]
  2278 | D:3      | Killed Ijyb
  2279 | D:3      | Reached skill level 5 in Unarmed Combat
  2279 | D:3      | Reached XP level 5. HP: 2/52 MP: 4/4
  2591 | D:5      | Entered Level 5 of the Dungeon
  2649 | D:4      | Reached XP level 6. HP: 46/61 MP: 5/5
  2650 | D:4      | Reached *** piety under Trog
  2736 | D:4      | Reached skill level 6 in Unarmed Combat
  2825 | D:4      | Found a runed translucent door.
  2846 | D:4      | Found a large runed translucent door.
  2847 | D:4      | Found a large runed translucent door.
  2876 | D:4      | Found a one-way gate to the infinite horrors of the Abyss.
  2890 | D:4      | Found an ornate altar of the Wu Jian Council.
  3097 | D:4      | Noticed Phlounder's ghost (amateur DjWn)
  3209 | D:4      | Found a corrupted altar of Lugonu.
  3259 | D:4      | Identified the +1 leather armour "Niumounn" {rElec}
  3454 | D:5      | Found Xyskuypn's Assorted Antiques.
  3457 | D:5      | Bought a glowing robe for 70 gold pieces
  3457 | D:5      | Bought a potion of curing for 57 gold pieces
  3541 | D:5      | Found Imeaba's Distillery.
  3555 | D:5      | Reached skill level 7 in Unarmed Combat
  3555 | D:5      | Reached XP level 7. HP: 67/67 MP: 6/6
  3563 | D:5      | Bought a potion of curing for 36 gold pieces
  3681 | D:5      | Reached skill level 8 in Unarmed Combat
  3732 | D:5      | Noticed a wyvern
  3736 | D:5      | Killed a wyvern
  3877 | D:5      | Reached XP level 8. HP: 73/75 MP: 7/7
  3884 | D:5      | Found Ciast's Armour Emporium.
  3941 | D:5      | Reached skill level 9 in Unarmed Combat
  3975 | D:5      | Found Bulol's Book Shoppe.
  4207 | D:5      | Found Setolial's Antique Armour Shop.
  4300 | D:6      | Found a staircase to the Ecumenical Temple.
  4466 | D:6      | Reached **** piety under Trog
  4479 | D:6      | Reached skill level 10 in Unarmed Combat
  4532 | D:6      | Found an opulent altar of Gozag.
  4739 | D:6      | Found a sparkling altar of Nemelex Xobeh.
  4758 | D:6      | Reached XP level 9. HP: 63/83 MP: 8/8
  4761 | D:6      | Reached skill level 11 in Unarmed Combat
  5193 | D:7      | Noticed Prince Ribbit
  5201 | D:7      | Killed Prince Ribbit
  5273 | D:7      | Found a runed translucent gate.
  5273 | D:7      | Found a runed translucent gate.
  5273 | D:7      | Found a runed translucent gate.
  5274 | D:7      | Noticed mojowtm's ghost (novice TeCj)
  5275 | D:7      | Noticed dickylongcocking's ghost (novice DjFE)
  5353 | D:7      | Reached skill level 12 in Unarmed Combat
  5717 | D:8      | Noticed a wizard
  5730 | D:8      | Noticed an orc sorcerer
  5755 | D:8      | Demolished by a two-headed ogre

Illustrated notes

Levels and vault maps discovered:
D:1:      lightli_arrival_isolated_outpost, layout_loops_corners
D:2:      layout_basic, minmay_tetromino_l2
D:3:      layout_loops_cross, minmay_overflow_temple_star_quad,
          basic_ecumenical_altar, kennysheep_generic_room_6, uniq_natasha,
          uniq_ijyb
D:4:      due_chaos_kobolds, layout_basic, kennysheep_little_box,
          ebering_ghost_reflecting_pool
D:5:      layout_loops_cross, serial_shops, nicolae_diamond_shop, shop, shop,
          nicolae_lakefront_shop, nicolae_stop_n_shop_1, minmay_puff
D:6:      layout_rooms, nicolae_gozag_seed_capital,
          nicolae_overflow_crystal_walls, hangedman_abyss_or_decor_stabs
D:7:      layout_gridville, gammafunk_ghost_cemetery, uniq_prince_ribbit1
D:8:      cheibrodos_wizards_tower, layout_cave_pods, serial_park,
          serial_park_square2, minmay_lizard_king

Skill      XL: |  1  2  3  4  5  6  7  8  9 |
---------------+----------------------------+-----
Dodging        | 3 4 |  4.8
Unarmed Combat | 4 5 7 8 10 12 | 12.1
Fighting       | 3 |  3.5

Action                   |  1- 3 |  4- 6 |  7- 9 || total
-------------------------+-------+-------+-------++-------
Melee: Unarmed           |    95 |   113 |   148 ||   356
       Punch             |       |       |     3 ||     3
  Use: Scroll            |     6 |     1 |     6 ||    13
       Potion            |     3 |     5 |       ||     8
 Stab: Sleeping          |       |     2 |       ||     2
       Invisible         |       |     1 |       ||     1
Armor: Animal skin       |    30 |    27 |       ||    57
       Robe              |       |       |    39 ||    39
Dodge: Dodged            |    35 |    44 |    50 ||   129

Table legend: (Time is in decaauts)
 A = Elapsed time spent in this place.
 B = Non-inter-level travel time spent in this place.
 C = Inter-level travel time spent in this place.
 D = Time resting spent in this place.
 E = Time spent auto-exploring this place.
 F = Levels seen in this place.
 G = Mean time per level.
                   A        B        C        D        E       F      G
               +--------+--------+--------+--------+--------+-----+--------+
         Total |   5727 |   5176 |    551 |      0 |   4112 |   8 |  715.9 |
       Dungeon |   5727 |   5176 |    551 |      0 |   4112 |   8 |  715.9 |
               +--------+--------+--------+--------+--------+-----+--------+

Top non-repeatable levels by time:
     D:5: 1033 daAuts
     D:3: 876 daAuts
     D:1: 821 daAuts
     D:2: 787 daAuts
     D:4: 775 daAuts
     D:7: 750 daAuts
     D:6: 575 daAuts
     D:8: 108 daAuts
